 Dungeon Sprint DCSS version 0.18.1-8-gdd0e5ea (webtiles) character file.

382 Hipnos the Fighter (level 6, -1/57 HPs)
             Began as a Demonspawn Fighter on May 21, 2016.
             Was an Elder of Jiyva.
             Slain by an ice devil (9 damage)
             ... summoned by a kobold demonologist
             ... in the Dungeon (Sprint I: "Red Sonja").
             The game lasted 00:03:18 (592 turns).

Hipnos the Fighter (Demonspawn Fighter)              Turns: 592, Time: 00:03:18

Health: -1/57      AC:  8    Str: 19    XL:     6   Next: 47%
Magic:  5/6        EV:  9    Int: 11    God:    Jiyva [****..]
Gold:   316        SH: 10    Dex: 12    Spells: 0 memorised, 5 levels left

rFire  . . .     SeeInvis .     a - +0 long sword
rCold  . . .     Gourm    .     b - +0 scale mail
rNeg   . . .     Faith    .     c - +0 shield
rPois  .         Spirit   .     (helmet restricted)
rElec  .         Dismiss  .     (no cloak)
rCorr  +         Reflect  .     (no gloves)
SustAt .         Harm     .     (no boots)
MR     .....     NoTele   +     (no amulet)
Stlth  ..........               (no ring)
                                (no ring)

@: slimy (expiring), not resistant to hostile enchantments, extremely unstealthy
A: horns 2, clever 1, powered by death 1, rot immunity
a: Request Jelly, Jelly Paralyse, Slimify, Renounce Religion


You were in the Dungeon.
You worshipped Jiyva.
Jiyva was greatly pleased with you.
You were very full.

You visited 1 branch You collected 316 gold pieces.

Inventory:

Hand Weapons
 a - a +0 long sword (weapon)
Armour
 b - a +0 scale mail (worn)
 c - a +0 shield (worn)
Scrolls
 k - a scroll of blinking
Potions
 d - a potion of might
 e - a potion of curing
 h - a potion of haste
 i - 2 potions of magic
Comestibles
 f - a bread ration
 j - 7 chunks of flesh
 l - a meat ration


   Skills:
 + Level 8.3 Fighting
 + Level 4.5 Long Blades
 + Level 7.4 Armour
 + Level 2.2 Dodging
 + Level 7.0 Shields


You had 5 spell levels left.
You didn't know any spells.

Dungeon Overview and Level Annotations

Branches:
Dungeon (1/1)

Altars:
Cheibriados
Dithmenos
Elyvilon
Fedhas
Gozag
Kikubaaqudgha
Makhleb
Nemelex Xobeh
Okawaru
Pakellas
Qazlal
Ru
Sif Muna
Trog
Vehumet
Xom
Yredelemnul
Zin
The Shining One
Jiyva

Shops:
D }

Annotations:
D Ijyb


Innate Abilities, Weirdness & Mutations

You have a pair of horns on your head.
You regenerate a little health from kills.
You are immune to rotting.
Your mind is acute. (Int +2)


Message History

* * * LOW HITPOINT WARNING * * *
The crimson imp completely misses you.
You slash the crimson imp!
The crimson imp is severely wounded.
The ice devil hits you but does no damage.
The white imp shouts, "Leave, thou puny idle-headed haggard!"
You hear a distant slurping noise.
You can now turn your foes to slime.
You feel a little less hungry.
You feel your power returning.
You hear a distant slurping noise.
The crimson imp blinks!
You block the ice devil's attack.
You miss the crimson imp.
The crimson imp is severely wounded.
The white imp gestures at you. The puff of frost hits you!
* * * LOW HITPOINT WARNING * * *
The crimson imp hits you but does no damage.
The kobold demonologist looks braver for a moment.
The iron imp misses you. The ice devil hits you!
You die...

##########################
#<.#..)..#..'..#_4#5.45..#
#..'..#..').#..5@§5KK#..5#
#..#####'#####'#_5####35.+
#..####..#...#.####§ ####
#..#__####..##.#≈§§§c
#..#_.___##'#...≈§§.§
#⌠⌠#_.∩...'..._#≈§§
####_..._##§.#'##+#
#_____###+#.# ####### ###


You could see a hellwing, an ice devil, 2 kobold demonologists, 2 iron imps, a
crimson imp and 2 white imps.

Vanquished Creatures
  Sigmund (D)
  A yak (D)
  An ogre (D)
3 creatures vanquished.

Vanquished Creatures (others)
  A giant eyeball (D)
  2 jellies (D)
3 creatures vanquished.

Grand Total: 6 creatures vanquished

Notes
Turn   | Place    | Note
--------------------------------------------------------------
     0 | D        | Hipnos the Demonspawn Fighter began the quest for the Orb.
     0 | D        | Reached XP level 1. HP: 18/18 MP: 1/1
     1 | D        | Noticed Ijyb
   163 | D        | Noticed an ogre
   167 | D        | Killed an ogre
   167 | D        | Reached skill level 5 in Fighting
   167 | D        | Reached skill level 5 in Shields
   167 | D        | Gained mutation: You are immune to rotting. [demonic ancestry]
   167 | D        | Reached XP level 2. HP: 14/28 MP: 2/2
   167 | D        | Gained mutation: You have a pair of small horns on your head. [demonic ancestry]
   167 | D        | Reached XP level 3. HP: 17/34 MP: 3/3
   167 | D        | Gained mutation: You have a pair of horns on your head. [demonic ancestry]
   167 | D        | Reached XP level 4. HP: 21/40 MP: 4/4
   346 | D        | Noticed Sigmund
   362 | D        | Killed Sigmund
   362 | D        | Reached skill level 7 in Fighting
   362 | D        | Reached skill level 1 in Dodging
   362 | D        | Reached XP level 5. HP: 32/48 MP: 5/5
   473 | D        | Found a snail-covered altar of Cheibriados.
   473 | D        | Found a viscous altar of Jiyva.
   473 | D        | Found a shadowy altar of Dithmenos.
   473 | D        | Found a blossoming altar of Fedhas.
   473 | D        | Noticed a slime creature
   477 | D        | Became a worshipper of Jiyva Jongack the Shapeless
   481 | D        | Found a deep blue altar of Sif Muna.
   483 | D        | Found a radiant altar of Vehumet.
   490 | D        | Reached * piety under Jiyva
   503 | D        | Reached ** piety under Jiyva
   512 | D        | Found Bamakhlek's Gadget Emporium.
   512 | D        | Found a white marble altar of Elyvilon.
   512 | D        | Found a stormy altar of Qazlal.
   512 | D        | Found a burning altar of Makhleb.
   512 | D        | Found a sacrificial altar of Ru.
   512 | D        | Found an oddly glowing altar of Pakellas.
   512 | D        | Found a basalt altar of Yredelemnul.
   512 | D        | Found a glowing golden altar of the Shining One.
   512 | D        | Found a sparkling altar of Nemelex Xobeh.
   512 | D        | Found a shimmering altar of Xom.
   512 | D        | Found an opulent altar of Gozag.
   512 | D        | Found an ancient bone altar of Kikubaaqudgha.
   512 | D        | Found a glowing silver altar of Zin.
   512 | D        | Noticed a yak
   526 | D        | Killed a yak
   526 | D        | Reached skill level 8 in Fighting
   526 | D        | Gained mutation: You regenerate a little health from kills. [demonic ancestry]
   526 | D        | Reached XP level 6. HP: 53/57 MP: 6/6
   527 | D        | Found an iron altar of Okawaru.
   530 | D        | Found a bloodstained altar of Trog.
   540 | D        | Noticed a centaur warrior
   571 | D        | Reached *** piety under Jiyva
   573 | D        | Noticed a kobold demonologist
   573 | D        | Noticed a giant eyeball
   574 | D        | Noticed a kobold demonologist
   574 | D        | Killed a giant eyeball
   577 | D        | Noticed a hellwing
   579 | D        | Noticed a neqoxec
   582 | D        | Noticed an ice devil
   584 | D        | Gained mutation: Your mind is acute. (Int +2) [Jiyva's grace]
   586 | D        | Reached **** piety under Jiyva
   592 | D        | Slain by an ice devil

Skill      XL: |  1  2  3  4  5 |
---------------+----------------+-----
Fighting       | 5 7 8 |  8.3
Long Blades    | 3 4 |  4.5
Armour         | 4 6 7 |  7.4
Shields        | 5 6 7 |  7.0
Dodging        | 1 2 |  2.2

Action                   |  1- 3 |  4- 6 || total
-------------------------+-------+-------++-------
Melee: Long sword        |    18 |    40 ||    58
       Headbutt          |       |     6 ||     6
Invok: Slimify           |       |     1 ||     1
  Use: Potion            |     1 |     1 ||     2
Armor: Scale mail        |     6 |    12 ||    18
Dodge: Dodged            |     1 |    11 ||    12
Block: Shield            |     5 |    27 ||    32
